 Dungeon Crawl Stone Soup version 0.19-a0-1153-g63c3caf (webtiles) character file.

9579 PurpleRed the Cleaver (level 11, -2/133 HPs)
             Began as a Human Berserker on Aug 13, 2016.
             Was a High Priest of Trog.
             Slain by an orc warrior
             ... wielding a +0 halberd
              (15 damage)
             ... on level 1 of the Orcish Mines.
             The game lasted 00:39:32 (5241 turns).

PurpleRed the Cleaver (Human Berserker)             Turns: 5241, Time: 00:39:33

Health: -2/133     AC: 14    Str: 25    XL:     11   Next: 77%
Magic:  11/11      EV:  9    Int:  8    God:    Trog [*****.]
Gold:   419        SH:  0    Dex: 13    Spells: 0 memorised, 10 levels left

rFire  + . .     SeeInvis .     a - +0 battleaxe
rCold  . . .     Gourm    .     L - +0 chain mail {rF+}
rNeg   . . .     Faith    .     (shield currently unavailable)
rPois  .         Spirit   .     f - +2 hat
rElec  .         Dismiss  .     m - +0 cloak
rCorr  .         Reflect  .     (no gloves)
MR     ++...     Harm     .     (no boots)
Stlth  ..........               P - amulet of magic regeneration
                                s - ring of wizardry
                                t - ring of flight

@: berserking (expiring), regenerating, very quick
A: no striking features
a: Berserk, Trog's Hand, Brothers in Arms, Burn Spellbooks, Renounce Religion,
Evoke Flight


You were on level 1 of the Orcish Mines.
You worshipped Trog.
Trog was extremely pleased with you.
You were hungry.

You visited 2 branches of the dungeon, and saw 13 of its levels.
You also visited: Sewer.

You collected 503 gold pieces.
You spent 84 gold pieces at shops.

Inventory:

Hand Weapons
 a - a +0 battleaxe (weapon)
 b - a +2 trident of flaming
 i - a +1 flail of protection
 w - a +0 blowgun
 K - a +1 hand axe
 M - a +0 war axe
 N - the +7 mace of Subjectivity {crush, rPois MP+9}
   (You found it on level 10 of the Dungeon)

   It inflicts extra damage upon your enemies.
   It protects you from poison.
   It affects your magic capacity (+9).
Missiles
 p - a throwing net (quivered)
 r - 60 poisoned needles
 u - 5 poisoned javelins
 x - 8 curare-tipped needles
Armour
 d - a +1 chain mail
 f - a +2 hat (worn)
 m - a +0 cloak (worn)
 H - a +0 helmet
 I - a +0 plate armour
 L - a +0 chain mail of fire resistance (worn)
Jewellery
 s - a ring of wizardry (right hand)
 t - a ring of flight (left hand)
 G - an uncursed amulet of harm
 P - an amulet of magic regeneration (around neck)
Wands
 l - a wand of enslavement (24/24)
 y - a wand of confusion (29/48)
 B - a wand of lightning (4/15)
 C - a wand of flame (26/48)
 J - a wand of acid (4/15)
Scrolls
 e - 4 scrolls of remove curse
 h - 2 scrolls of teleportation
 E - a scroll of enchant armour
 O - a scroll of magic mapping
Potions
 j - 5 potions of might
 k - 2 potions of mutation
 o - 7 potions of curing
 v - 2 potions of flight
 z - 3 potions of brilliance
 A - 3 potions of agility
 D - 2 potions of lignification
Comestibles
 c - 4 bread rations
 g - 4 meat rations
 n - 3 royal jellies
 q - a fruit


   Skills:
 + Level 9.5 Fighting
 * Level 12.7 Axes
 + Level 8.8 Armour
 - Level 2.0 Dodging


You had 10 spell levels left.
You didn't know any spells.

Dungeon Overview and Level Annotations

Branches:
Dungeon (12/15)               Orc (1/2) D:10
 Temple: D:4-7         Lair: D:8-11

Altars:
Cheibriados
Dithmenos
Hepliaklqana
Makhleb
Qazlal
Trog
Uskayaw
Xom
Beogh

Shops:
D:9 (*   D:10 ([

Annotations:
D:7 Prince Ribbit


Message History

You slice the deep elf mage!! You closely miss the deep elf mage.
You barely miss the ice beast.
The deep elf mage mumbles some strange words.
The deep elf mage blinks!
The orc warrior hits you from afar with a halberd!!
* * * LOW HITPOINT WARNING * * *
The deep elf mage hits you but does no damage.
The ice beast barely misses you.
You closely miss the deep elf mage.
The deep elf mage is severely wounded.
You closely miss the deep elf mage. You closely miss the ice beast.
The deep elf mage gestures at you while chanting.
The bolt of cold misses you.
You barely miss the deep elf mage.
The deep elf mage is severely wounded.
You slice the ogre!! You barely miss the deep elf mage.
You barely miss the ice beast.
The deep elf mage hits you but does no damage.
The orc warrior hits you from afar with a halberd!
You die...

....e# .# ##...e#
..# .. .##.....#
.. ...
...#....##.##...
........$.......
#.....oe.......
.##....)eY.......
#......)@e.......
........)O.......
#..........#.....
#......<>..# .##.
.............#
..............#
...............#
.#.........#....
##.........##.#


You could see 5 deep elf magi, an orc warrior, an ice beast and an ogre.

Vanquished Creatures
  An unseen horror (D:11)
  A hill giant (D:10)
  2 deep elf magi (Orc:1)
  A manticore (D:11)
  A cyclops (D:11)
  Maurice (D:10)
  A troll (D:11)
  A shadow (D:12)
  3 wraiths
  A wyvern (D:9)
  9 yaks
  A hungry ghost (D:11)
  Duvessa (D:4)
  2 water moccasins (D:10)
  A sky beast (D:9)
  An ice beast (D:10)
  6 orc warriors
  2 ogres
  A phantom (D:6)
  10 centaurs (D:11)
  4 big kobolds
  Blork the orc (D:4)
  5 giant frogs
  Dowan (D:4)
  A killer bee (D:10)
  2 crimson imps
  A centaur zombie (D:8)
  A giant frog zombie (D:8)
  6 hounds
  A giant frog skeleton (D:10)
  4 orc priests
  A jelly (D:12)
  2 iguanas
  10 orc wizards
  3 worker ants
  8 adders
  7 river rats (Sewer)
  A shadow imp (D:10)
  An ooze (Sewer)
  An adder skeleton (D:7)
  3 worms
  A dart slug (D:4)
  5 giant geckos
  58 orcs
  A bat (D:1)
  3 giant cockroaches
  5 hobgoblins
  8 jackals
  3 quokkas
  5 ball pythons (Sewer)
  2 giant newts
  5 goblins
  26 kobolds
  A quokka zombie (D:9)
  22 rats
256 creatures vanquished.

Vanquished Creatures (collateral kills)
  An orc knight (D:10)
  An orc warrior (D:10)
  An orc priest (D:10)
3 creatures vanquished.

Vanquished Creatures (others)
  2 hill giants
  A hippogriff (D:11)
  A soldier ant (D:10)
  An orc warrior (D:10)
  An ogre (D:10)
  A centaur (D:10)
  An orc wizard (D:10)
  A worker ant (D:11)
9 creatures vanquished.

Grand Total: 268 creatures vanquished

Notes
Turn   | Place    | Note
-------+----------+-------------------------------------------
     0 | D:1      | PurpleRed the Human Berserker began the quest for the Orb.
     0 | D:1      | Reached XP level 1. HP: 18/18 MP: 1/1
    77 | D:1      | Reached XP level 2. HP: 23/24 MP: 2/2
   291 | D:1      | Reached XP level 3. HP: 17/29 MP: 3/3
   346 | D:2      | Reached skill level 4 in Axes
   348 | D:2      | Reached ** piety under Trog
   508 | D:3      | Reached XP level 4. HP: 19/35 MP: 4/4
   607 | D:3      | Found a bloodstained altar of Trog.
   910 | D:4      | Noticed Blork the orc
   925 | D:4      | Killed Blork the orc
   925 | D:4      | Reached XP level 5. HP: 36/42 MP: 5/5
   959 | D:4      | Noticed a dagger
   959 | D:4      | Found a hide-covered altar of Uskayaw.
   959 | D:4      | Noticed a hand axe
   961 | D:4      | Noticed Duvessa
   961 | D:4      | Noticed Dowan
  1005 | D:4      | Killed Dowan
  1005 | D:4      | Reached skill level 5 in Axes
  1005 | D:4      | Reached XP level 6. HP: 48/48 MP: 6/6
  1008 | D:4      | Killed Duvessa
  1036 | D:5      | Entered Level 5 of the Dungeon
  1061 | D:5      | Reached *** piety under Trog
  1189 | D:6      | Noticed an orc warrior
  1199 | D:6      | Reached XP level 7. HP: 55/55 MP: 7/7
  1200 | D:6      | Reached skill level 6 in Axes
  1328 | D:8      | Reached skill level 5 in Fighting
  1433 | D:6      | Found a glowing drain.
  1438 | Sewer    | Entered a sewer
  1518 | Sewer    | Reached XP level 8. HP: 33/62 MP: 8/8
  1714 | Sewer    | Reached skill level 7 in Axes
  1905 | D:7      | Reached **** piety under Trog
  1908 | D:7      | Got a translucent scale mail
  1920 | D:7      | Identified the +3 scale mail of the Wumpus {*Confuse rN+ Str+2 Int+5} (You found it on level 7 of the Dungeon)
  1965 | D:7      | Found a hazy altar of Hepliaklqana.
  1966 | D:7      | Noticed Prince Ribbit
  2024 | D:7      | Found a burning altar of Makhleb.
  2024 | D:7      | Found a stormy altar of Qazlal.
  2281 | D:8      | Reached skill level 5 in Armour
  2417 | D:10     | Entered Level 10 of the Dungeon
  2444 | D:9      | Reached skill level 8 in Axes
  2472 | D:9      | Found Caxuq's General Store.
  2475 | D:9      | Bought a scroll of identify for 26 gold pieces
  2531 | D:9      | Reached XP level 9. HP: 69/69 MP: 9/9
  2630 | D:8      | Found a shimmering altar of Xom.
  2662 | D:10     | Noticed Maurice
  2747 | D:10     | Killed Maurice
  2747 | D:10     | Reached skill level 9 in Axes
  2748 | D:10     | Killed a hill giant
  2804 | D:9      | Found a shadowy altar of Dithmenos.
  2822 | D:9      | Found Ocogun's Weapon Emporium.
  2827 | D:9      | Found a snail-covered altar of Cheibriados.
  3299 | D:10     | Found Dacod's Armour Emporium.
  3302 | D:10     | Bought a +0 helmet for 58 gold pieces
  3445 | D:10     | Found a shimmering altar of Xom.
  3539 | D:10     | Noticed an orc knight
  3555 | D:10     | Reached XP level 10. HP: 41/79 MP: 10/10
  3559 | D:10     | Killed an orc knight
  3559 | D:10     | Reached skill level 10 in Axes
  3656 | D:10     | Found a roughly hewn altar of Beogh.
  3663 | D:10     | Found a staircase to the Orcish Mines.
  3685 | D:10     | Reached ***** piety under Trog
  3757 | D:10     | Found Ashuga Etuo's Weapon Emporium.
  3844 | D:10     | Noticed a hill giant
  3852 | D:10     | Killed a hill giant
  3852 | D:10     | Reached skill level 11 in Axes
  3859 | D:10     | Got a pitted mace
  3863 | D:10     | Identified the +7 mace of Subjectivity {crush, rPois MP+9} (You found it on level 10 of the Dungeon)
  4100 | D:11     | Reached XP level 11. HP: 27/87 MP: 11/11
  4265 | D:11     | Noticed a cyclops
  4286 | D:11     | Killed a cyclops
  4333 | D:11     | Reached skill level 12 in Axes
  4444 | D:11     | Killed an unseen horror
  4682 | D:11     | Noticed a hill giant
  4688 | D:11     | Killed a hill giant
  4867 | D:11     | Noticed a manticore
  4876 | D:11     | Killed a manticore
  5222 | Orc:1    | Entered Level 1 of the Orcish Mines
  5223 | Orc:1    | Noticed a deep elf mage
  5223 | Orc:1    | Noticed a deep elf mage
  5224 | Orc:1    | Noticed a deep elf mage
  5224 | Orc:1    | Noticed a deep elf mage
  5225 | Orc:1    | Noticed a deep elf mage
  5227 | Orc:1    | Noticed a deep elf mage
  5227 | Orc:1    | Noticed a deep elf mage
  5232 | Orc:1    | Killed a deep elf mage
  5234 | Orc:1    | Noticed a deep elf mage
  5236 | Orc:1    | Killed a deep elf mage
  5241 | Orc:1    | Slain by an orc warrior

Vault maps used:
D:1:      dpeg_arrival_renting
D:3:      lemuel_crystal_altar, nicolae_tso_carved_into_rock
D:4:      kennysheep_little_box, dancing_weapons_uskayaw,
          nemelex_xobeh_ov_fountains_minmay, first_bread, serial_shops, shop,
          uniq_duvessa, uniq_sigmund, uniq_blork_the_orc
D:5:      grunt_temple_overflow_gold_and_silver
D:6:      portal_sewer_entry_e, uniq_menkaure, uniq_pikel, uniq_grinder
D:7:      lemuel_round_altar, minitemple, uniq_prince_ribbit1
D:8:      lair_0_dummy, basic_altar, the_bakery, kennysheep_generic_room_5,
          uniq_erica
D:9:      cheibriados_altar_1, grunt_dithmenos_smoke, serial_shops,
          kennysheep_mini_moat, kennysheep_mini
D:10:     david_orc_5, serial_shops, nicolae_shop_behind_doors, shop,
          xom_confusion_cloud, uniq_maurice
D:11:     lemuel_flame_loot_2, kennysheep_cluttered_room
D:12:     nicolae_sextant
Orc:1:    basic_altar, elves_outpost_lemuel
Sewer:    sewer_minmay_treatment

Skill      XL: |  1  2  3  4  5  6  7  8  9 10 11 |
---------------+----------------------------------+-----
Axes           | 4 5 6 8 9 11 12 | 12.7
Fighting       | 4 5 6 7 8 9 |  9.5
Armour         | 3 4 5 6 7 8 |  8.8
Dodging        | |  2.0

Action                   |  1- 3 |  4- 6 |  7- 9 | 10-12 || total
-------------------------+-------+-------+-------+-------++-------
Melee: Hand axe          |    57 |    86 |   403 |    10 ||   556
       Trident           |     9 |    55 |    14 |       ||    78
       Battleaxe         |       |       |       |   212 ||   212
Throw: Throwing net      |       |       |     4 |       ||     4
Invok: Berserk           |     4 |     5 |    16 |    16 ||    41
       Trog's Hand       |       |     3 |     3 |    11 ||    17
       Brothers in Arms  |       |       |     1 |       ||     1
  Use: Scroll            |       |     7 |    11 |     2 ||    20
       Potion            |       |       |     2 |     6 ||     8
 Stab: Distracted        |       |       |       |     1 ||     1
  Eat: Chunk             |     3 |     8 |    25 |    25 ||    61
       Fruit             |       |       |     2 |     1 ||     3
       Royal jelly       |       |       |       |     1 ||     1
Armor: Animal skin       |    15 |       |       |       ||    15
       Chain mail        |     2 |    84 |   237 |   191 ||   514
Dodge: Dodged            |    35 |    43 |   180 |   108 ||   366
